 Dungeon Crawl Stone Soup version 0.27.1-3-gb3d3a73c9e (webtiles) character file.

Game seed: 1558392779885213476

42 Urokeeper the Sneak (level 3, -3/27 HPs)
             Began as a Vampire Brigand on Oct 5, 2021.
             Splashed by a jelly's acid (7 damage)
             ... on level 2 of the Dungeon.
             The game lasted 00:05:12 (1042 turns).

Urokeeper the Sneak (Vampire Brigand)               Turns: 1042, Time: 00:05:14

Health: -3/27      AC:  4    Str: 10    XL:     3   Next: 35%
Magic:  3/3        EV: 12    Int: 13    God:
Gold:   37         SH:  0    Dex: 16    Spells: 2/2 levels left

rFire    . . .     SeeInvis +   a - +2 dagger
rCold    . . .     Faith    .   (no shield)
rNeg     . . .     Spirit   .   b - +0 robe
rPois    .         Reflect  .   (no helmet)
rElec    .         Harm     .   c - +0 cloak
rCorr    .         Rampage  .   i - +0 pair of gloves
Will     .....                  (no boots)
Stlth    +++.......             (no amulet)
HPRegen  0.29/turn              (no ring)
MPRegen  0.08/turn              (no ring)

@: healing quickly
A: alive, fangs 3, see invisible, vampiric 2
a: Exsanguinate


You were on level 2 of the Dungeon.
You visited 1 branch of the dungeon, and saw 3 of its levels.

You collected 37 gold pieces.

Inventory:

Hand Weapons
 a - a +2 dagger (weapon)
Missiles
 d - 19 poisoned darts (quivered)
Armour
 b - a +0 robe (worn)
 c - a +0 cloak (worn)
 i - a +0 pair of gloves (worn)
Scrolls
 l - a scroll of torment {unknown}
Potions
 f - a potion of ambrosia {unknown}
 g - a potion of might {unknown}
 h - 2 potions of degeneration {unknown}
 j - 2 potions of curing {unknown}
 k - a potion of heal wounds {unknown}


   Skills:
 + Level 2.2 Fighting
 + Level 2.9 Short Blades
 - Level 1.5 Throwing
 + Level 1.9 Dodging
 + Level 6.4 Stealth


You had 2 spell levels left.
You didn't know any spells.
Your spell library contained the following spells:

 Spells                   Type           Power      Damage    Failure   Level
 Magic Dart               Conj           0%         1d3       30%         1
 Call Imp                 Summ           0%         N/A       43%         2
 Mephitic Cloud           Conj/Pois/Air  0%         N/A       67%         3


Dungeon Overview and Level Annotations

Branches:
Dungeon (3/15)

Altars:


Innate Abilities, Weirdness & Mutations

Your natural rate of healing is accelerated.
You have razor-sharp teeth.
You have supernaturally acute eyesight. (SInv)
You are afflicted with vampirism and can become a bat while bloodless.


Message History

You hit the jelly.
Your hands burn!
You bite the jelly.
The jelly is moderately wounded.
You hit the jelly.
Your hands burn!
The jelly is moderately wounded.
The jelly hits you but does no damage.
You hit the jelly.
Your hands burn!
You bite the jelly.
The jelly is heavily wounded.
The jelly hits you.
You are splashed with acid!
* * * LOW HITPOINT WARNING * * *
You are too injured to fight recklessly!
You are too injured to fight recklessly!
You are too injured to fight recklessly!
You are too injured to fight recklessly!
There is an open door here.
Items here: ( ) ††.
The jelly barely misses you.
Throw: 2 darts (curare)
Press: ? - help, Q - select action, (/) - cycle Shift-Dir - straight line, f - jelly
Aim: a jelly (heavily wounded, 90% to hit)
You throw a curare-tipped dart. The curare-tipped dart hits the jelly.
The jelly is heavily wounded.
The jelly closely misses you.
Throw: dart (curare)
Press: ? - help, Q - select action, (/) - cycle Shift-Dir - straight line, f/p - jelly
Aim: a jelly (heavily wounded, 90% to hit)
You throw a curare-tipped dart. The curare-tipped dart hits the jelly.
The jelly is heavily wounded.
The jelly hits you but does no damage.
You hit the jelly.
Your hands burn!
* * * LOW HITPOINT WARNING * * *
You bite the jelly, but do no damage.
The jelly is heavily wounded.
The jelly hits you but does no damage.
You hit the jelly.
Your hands burn!
* * * LOW HITPOINT WARNING * * *
The jelly is severely wounded.
The jelly hits you.
* * * LOW HITPOINT WARNING * * *
You are splashed with acid!
You die...

####### #.....## # #
#......###### .. ..
#......#....##.##...
..................
#.#.#....##..#...
#...#............
#####.............#
#..J@.#.#....#.......
#)##..#...........#.#
#.#......###....#....
#.#..........#### ...
####.#.....####.# .<
#....#.....#.##.. .
###..........######
#.#####.##....... ...
####'#####.##....#####...


You could see a jelly.

Vanquished Creatures
  A worm (D:2)
  A dart slug (D:1)
  4 endoplasms
  A giant cockroach (D:1)
  A hobgoblin (D:2)
  3 jackals (D:2)
  2 kobolds
  A quokka (D:1)
  7 ball pythons
  4 bats
  3 frilled lizards (D:1)
  6 goblins
  2 rats (D:1)
36 creatures vanquished.

Notes
Turn   | Place    | Note
-------+----------+-------------------------------------------
     0 | D:1      | Urokeeper the Vampire Brigand began the quest for the Orb.
     0 | D:1      | Reached XP level 1. HP: 16/16 MP: 1/1
   114 | D:1      | Reached skill level 6 in Stealth
   145 | D:1      | Reached XP level 2. HP: 20/22 MP: 2/2
   710 | D:2      | Gained mutation: You are afflicted with vampirism and can
                  | become a bat while bloodless. [Vampire growth]
   710 | D:2      | Reached XP level 3. HP: 26/27 MP: 3/3
  1042 | D:2      | Splashed by a jelly's acid

Illustrated notes

Levels and vault maps discovered:
D:1:      psy_arrival_spokes, layout_basic
D:2:      layout_basic, basic_altar, minmay_stone_trees_small,
          hangedman_decor_opposing
D:3:      minmay_goblin_kobold_castle, layout_loops_cross, serial_shops,
          nicolae_shop_trees, ebering_ecumenical_altar_box

Skill      XL: |  1 |
---------------+----+-----
Stealth        | 6 |  6.4
Fighting       | 2 |  2.2
Short Blades   | |  2.9
Throwing       | |  1.5
Dodging        | |  1.9

Action                   || total
-------------------------++-------
Melee: Dagger            ||    92
       Bite              ||    10
Throw: Dart              ||     2
 Stab: Sleeping          ||     8
       Distracted        ||     1
Armor: Robe              ||    19
Dodge: Dodged            ||    56
